MLB
CLEVELAND GUARDIANS @ HOUSTON ASTROS
07/26/2041
 
TOP OF THE 1ST
Cleveland Guardians batting - Pitching for Houston Astros : RHP Bob Bush
Pitching: RHP Bob Bush
Batting: LHB José Consiglio 0-0: Ball
1-0: Ball
2-0: Called Strike
2-1: Ball
3-1: Base on Balls
Batting: RHB José Rodríguez 0-0: Ball
1-0: Bunted foul
1-1: Sac Bunt to 15 - play at first, batter OUT! 1-3
José Consiglio to second
Batting: RHB Jeff Jacobs 0-0: Fly out, F9 (Flyball, 9LMF, EV 86.9 MPH)
Runner from 2nd tags up, SAFE at 3rd, no throw by RF
Batting: LHB Jesús Garza 0-0: Ball
1-0: Foul Ball, location: 5DF
1-1: Ball
2-1: Ball
3-1: Base on Balls
Batting: RHB Wilfred Sanders 0-0: Ball
1-0: Foul Ball, location: 9LDF
1-1: Ball
2-1: Foul Ball, location: 2F
2-2: Strikes out swinging
Top of the 1st over - 0 runs, 0 hits, 0 errors, 2 left on base; Cleveland 0 - Houston 0
BOTTOM OF THE 1ST
Houston Astros batting - Pitching for Cleveland Guardians : RHP Alfredo Gutiérrez
Pitching: RHP Alfredo Gutiérrez
Batting: RHB Ben Davis 0-0: Ball
1-0: Foul Ball, location: 5F
1-1: Called Strike
1-2: SINGLE (Line Drive, 56D, EV 102.5 MPH)
Batting: LHB Joe Rivera 0-0: Ball
1-0: Ball
2-0: SINGLE (Line Drive, 89S, EV 88.8 MPH)
Ben Davis to second
Batting: RHB Ángelo Guzmán 0-0: Grounds into double play, 6-4-3 (Groundball, 6S, EV 83.1 MPH)
Ben Davis to third
Batting: LHB José Robles 0-0: Foul Ball, location: 7LMF
0-1: Ball
1-1: Ball
2-1: Swinging Strike
2-2: Foul Ball, location: 2F
2-2: Ball
3-2: Foul Ball, location: 7LSF
3-2: DOUBLE (Line Drive, 78D, EV 103.8 MPH)
Ben Davis scores
Batting: RHB José Mercado 0-0: Called Strike
0-1: Ball
1-1: Ball
2-1: Ball
3-1: Foul Ball, location: 23F
3-2: Strikes out looking
Bottom of the 1st over - 1 run, 3 hits, 0 errors, 1 left on base; Cleveland 0 - Houston 1
TOP OF THE 2ND
Cleveland Guardians batting - Pitching for Houston Astros : RHP Bob Bush
Batting: LHB Stan Walton 0-0: Called Strike
0-1: Ground out 4-3 (Groundball, 4, EV 103.8 MPH)
Batting: RHB Jorge Velázquez 0-0: Called Strike
0-1: Ball
1-1: Foul Ball, location: 3SF
1-2: Ball
2-2: Foul Ball, location: 9LMF
2-2: Foul Ball, location: 25F
2-2: Ground out 5-3 (Groundball, 5, EV 83.8 MPH)
Batting: LHB Juan Morales 0-0: Ball
1-0: Foul Ball, location: 2F
1-1: Swinging Strike
1-2: Strikes out swinging
Top of the 2nd over - 0 runs, 0 hits, 0 errors, 0 left on base; Cleveland 0 - Houston 1
BOTTOM OF THE 2ND
Houston Astros batting - Pitching for Cleveland Guardians : RHP Alfredo Gutiérrez
Batting: RHB Ted Valéncia 0-0: Foul Ball, location: 7LSF
0-1: Called Strike
0-2: Ball
1-2: Foul Ball, location: 7LMF
1-2: Foul Ball, location: 2F
1-2: Strikes out looking
Batting: RHB Ethan Sutton 0-0: Foul Ball, location: 2F
0-1: Called Strike
0-2: Ball
1-2: Foul Ball, location: 9LSF
1-2: Ball
2-2: Strikes out swinging
Batting: RHB Adrián Juárez 0-0: Ball
1-0: Ball
2-0: Ball
3-0: Called Strike
3-1: DOUBLE (Line Drive, 9LM, EV 109.4 MPH)
Batting: LHB Ismael Camacho 0-0: Called Strike
0-1: Ground out 6-3 (Groundball, 6MD, EV 96.9 MPH)
Bottom of the 2nd over - 0 runs, 1 hit, 0 errors, 1 left on base; Cleveland 0 - Houston 1
TOP OF THE 3RD
Cleveland Guardians batting - Pitching for Houston Astros : RHP Bob Bush
Batting: SHB Tim Webster 0-0: Called Strike
0-1: Fly out, F9 (Line Drive, 89M, EV 93.8 MPH)
Batting: LHB José Consiglio 0-0: Ball
1-0: SINGLE (Flyball, 5D, EV 90.0 MPH)
Batting: RHB José Rodríguez 0-0: Ball
1-0: Foul Ball, location: 7LSFF
1-1: Fly out, F9 (Flyball, 89M, EV 91.9 MPH)
Batting: RHB Jeff Jacobs 0-0: Foul Ball, location: 3DF
0-1: Ball
José Consiglio steals 2nd base
1-1: Ball
2-1: Ball
3-1: Foul Ball, location: 3F
3-2: Strikes out swinging
Top of the 3rd over - 0 runs, 1 hit, 0 errors, 1 left on base; Cleveland 0 - Houston 1
BOTTOM OF THE 3RD
Houston Astros batting - Pitching for Cleveland Guardians : RHP Alfredo Gutiérrez
Batting: RHB Ben Davis 0-0: Ground out 6-3 (Groundball, 56, EV 90.0 MPH)
Batting: LHB Joe Rivera 0-0: Bunt missed!
0-1: Fly out, F9 (Flyball, 89M, EV 96.9 MPH)
Batting: RHB Ángelo Guzmán 0-0: Ball
1-0: Called Strike
1-1: Ball
2-1: Foul Ball, location: 9LDF
2-2: Ball
3-2: Foul Ball, location: 5F
3-2: Foul Ball, location: 7LSF
3-2: Fly out, F7 (Flyball, 78M, EV 96.3 MPH)
Bottom of the 3rd over - 0 runs, 0 hits, 0 errors, 0 left on base; Cleveland 0 - Houston 1
TOP OF THE 4TH
Cleveland Guardians batting - Pitching for Houston Astros : RHP Bob Bush
Batting: LHB Jesús Garza 0-0: Ball
1-0: Swinging Strike
1-1: Ball
2-1: Ball
3-1: Called Strike
3-2: Base on Balls
Batting: RHB Wilfred Sanders 0-0: Called Strike
Jesús Garza is caught stealing 2nd base 2-4
0-1: Called Strike
0-2: Foul Ball, location: 3SF
0-2: Ball
1-2: Ball
2-2: SOLO HOME RUN (Flyball, 9D, EV 100.0 MPH), Distance : 389 ft
Batting: LHB Stan Walton 0-0: Ball
1-0: DOUBLE (Flyball, 89XD, EV 100.6 MPH)
Batting: RHB Jorge Velázquez 0-0: Called Strike
0-1: Ground out 4-3 (Groundball, 4, EV 90.6 MPH)
Stan Walton to third
Batting: LHB Juan Morales 0-0: Called Strike
0-1: Ball
1-1: Swinging Strike
1-2: Ball
2-2: Strikes out looking
Top of the 4th over - 1 run, 2 hits, 0 errors, 1 left on base; Cleveland 1 - Houston 1
BOTTOM OF THE 4TH
Houston Astros batting - Pitching for Cleveland Guardians : RHP Alfredo Gutiérrez
Batting: LHB José Robles 0-0: Ball
1-0: Ball
2-0: Called Strike
2-1: Foul Ball, location: 3FF
2-2: Ball
3-2: DOUBLE (Flyball, 8RXD, EV 96.9 MPH)
Batting: RHB José Mercado 0-0: Ground out 4-3 (Groundball, 4, EV 107.5 MPH)
José Robles to third
Batting: RHB Ted Valéncia 0-0: Ball
1-0: Foul Ball, location: 3SF
1-1: Foul Ball, location: 3DF
1-2: Ball
2-2: Ball
3-2: Foul Ball, location: 5F
3-2: Fly out, F4 (Popup, 34S, EV 76.9 MPH)
Batting: RHB Ethan Sutton 0-0: Fly out, F7 (Flyball, 7, EV 80.6 MPH)
Bottom of the 4th over - 0 runs, 1 hit, 0 errors, 1 left on base; Cleveland 1 - Houston 1
TOP OF THE 5TH
Cleveland Guardians batting - Pitching for Houston Astros : RHP Bob Bush
Batting: SHB Tim Webster 0-0: Called Strike
0-1: Ball
1-1: Swinging Strike
1-2: Ball
2-2: Strikes out swinging
Batting: LHB José Consiglio 0-0: Foul Ball, location: 2F
0-1: Ground out 5-3 (Groundball, 56S, EV 70.6 MPH)
Batting: RHB José Rodríguez 0-0: Ball
1-0: Foul Ball, location: 2F
1-1: Ground out 6-3 (Groundball, 6, EV 103.8 MPH)
Top of the 5th over - 0 runs, 0 hits, 0 errors, 0 left on base; Cleveland 1 - Houston 1
BOTTOM OF THE 5TH
Houston Astros batting - Pitching for Cleveland Guardians : RHP Alfredo Gutiérrez
Batting: RHB Adrián Juárez 0-0: Ball
1-0: Foul Ball, location: 5FF
1-1: Called Strike
1-2: SOLO HOME RUN (Flyball, 7D, EV 99.4 MPH), Distance : 390 ft
Batting: LHB Ismael Camacho 0-0: Fly out, F5 (Popup, 5F, EV 72.5 MPH)
Batting: RHB Ben Davis 0-0: Swinging Strike
0-1: Foul Ball, location: 9LSF
0-2: Fly out, F9 (Flyball, 9, EV 85.0 MPH)
Batting: LHB Joe Rivera 0-0: Ball
1-0: SINGLE (Line Drive, 5D, EV 98.1 MPH)
Batting: RHB Ángelo Guzmán 0-0: Foul Ball, location: 5F
0-1: Ball
1-1: Foul Ball, location: 9LDF
1-2: Foul Ball, location: 25F
1-2: Fly out, F7 (Flyball, 8LM, EV 96.9 MPH)
Bottom of the 5th over - 1 run, 2 hits, 0 errors, 1 left on base; Cleveland 1 - Houston 2
TOP OF THE 6TH
Cleveland Guardians batting - Pitching for Houston Astros : RHP Bob Bush
Batting: RHB Jeff Jacobs 0-0: Foul Ball, location: 9LMF
0-1: Ball
1-1: Foul Ball, location: 3FF
1-2: Strikes out swinging
Batting: LHB Jesús Garza 0-0: Called Strike
0-1: Fly out, F8 (Flyball, 8LD, EV 108.1 MPH)
Batting: RHB Wilfred Sanders 0-0: Called Strike
0-1: Ball
1-1: Ground out 6-3 (Groundball, 6, EV 85.0 MPH)
Top of the 6th over - 0 runs, 0 hits, 0 errors, 0 left on base; Cleveland 1 - Houston 2
BOTTOM OF THE 6TH
Houston Astros batting - Pitching for Cleveland Guardians : RHP Alfredo Gutiérrez
Batting: LHB José Robles 0-0: Ball
1-0: Ground out 5-3 (Groundball, 56, EV 89.4 MPH)
Batting: RHB José Mercado 0-0: Called Strike
0-1: Called Strike
0-2: Strikes out swinging
Batting: RHB Ted Valéncia 0-0: Ball
1-0: Ground out 6-3 (Groundball, 6, EV 101.9 MPH)
Bottom of the 6th over - 0 runs, 0 hits, 0 errors, 0 left on base; Cleveland 1 - Houston 2
TOP OF THE 7TH
Cleveland Guardians batting - Pitching for Houston Astros : RHP Bob Bush
Batting: LHB Stan Walton 0-0: Ball
1-0: Reached on error, E4 (Groundball, 4, EV 96.3 MPH)
Batting: RHB Jorge Velázquez 0-0: Foul Ball, location: 2RF
0-1: Ball
1-1: Foul Ball, location: 2LF
1-2: Fly out, F7 (Flyball, 7D, EV 93.1 MPH)
Batting: LHB Juan Morales 0-0: Called Strike
0-1: Ball
1-1: Called Strike
1-2: Ball
2-2: Ball
3-2: Grounds into double play, 4-6-3 (Groundball, 4, EV 94.4 MPH)
Top of the 7th over - 0 runs, 0 hits, 1 error, 0 left on base; Cleveland 1 - Houston 2
BOTTOM OF THE 7TH
Houston Astros batting - Pitching for Cleveland Guardians : RHP Alfredo Gutiérrez
Batting: RHB Ethan Sutton 0-0: Ball
1-0: Foul Ball, location: 25F
1-1: Called Strike
1-2: Ball
2-2: Ball
3-2: Foul Ball, location: 9LMF
3-2: Base on Balls
Pitching: RHP Joe White
Batting: RHB Adrián Juárez 0-0: Foul Ball, location: 7LMF
0-1: SINGLE (Groundball, 15S, EV 69.4 MPH) (infield hit)
Ethan Sutton to second
Batting: LHB Ismael Camacho 0-0: Called Strike
0-1: Ball
1-1: Ball
2-1: Grounds into double play, U3-6 (Groundball, 3L, EV 80.6 MPH)
Ethan Sutton to third
Batting: RHB Ben Davis 0-0: SINGLE (Line Drive, 6MD, EV 105.6 MPH)
Ethan Sutton scores
Batting: LHB Joe Rivera 0-0: Foul Ball, location: 25F
0-1: Called Strike
0-2: Ball
1-2: Ball
2-2: Ball
3-2: SINGLE (Groundball, 34D, EV 110.6 MPH)
Ben Davis to second
Ben Davis to third
Batting: RHB Ángelo Guzmán 0-0: Called Strike
0-1: Foul Ball, location: 9LMF
0-2: Ball
1-2: Foul Ball, location: 9LMF
1-2: Ball
2-2: Strikes out looking
Bottom of the 7th over - 1 run, 3 hits, 0 errors, 2 left on base; Cleveland 1 - Houston 3
TOP OF THE 8TH
Cleveland Guardians batting - Pitching for Houston Astros : RHP Bob Bush
Pitching: RHP Giancarlo Scarabelli
Now in CF: José Archuleta
Now in RF: Ben Davis
Batting: SHB Tim Webster 0-0: Ball
1-0: Ball
2-0: Ball
3-0: Called Strike
3-1: Base on Balls
Batting: LHB José Consiglio 0-0: Called Strike
0-1: Ball
1-1: Called Strike
1-2: Foul Ball, location: 2F
1-2: Ball
2-2: Foul Ball, location: 2F
2-2: Ball
3-2: Strikes out swinging
Pinch Hitting: SHB José Valentín 0-0: Called Strike
0-1: Ball
1-1: Foul Ball, location: 2F
1-2: Foul Ball, location: 2LF
1-2: Ball
2-2: Ball
3-2: Fly out, F7 (Line Drive, 7, EV 93.1 MPH)
Pinch Hitting: SHB Kevin Brackett 0-0: Ball
1-0: Swinging Strike
1-1: SINGLE (Flyball, 78S, EV 88.8 MPH)
Tim Webster to second
Pitching: LHP Danny Humphrey
Batting: LHB Jesús Garza 0-0: Fly out, F8 (Line Drive, 8RM, EV 96.3 MPH)
Top of the 8th over - 0 runs, 1 hit, 0 errors, 2 left on base; Cleveland 1 - Houston 3
BOTTOM OF THE 8TH
Houston Astros batting - Pitching for Cleveland Guardians : RHP Joe White
Now at 1B: Kevin Brackett
Now at 3B: Juan Morales
Now at SS: Josh Wilson
Batting: RHB José Archuleta 0-0: Ball
1-0: Ground out 4-3 (Groundball, 4, EV 105.6 MPH)
Batting: RHB José Mercado 0-0: Ball
1-0: Called Strike
1-1: Swinging Strike
1-2: Strikes out swinging
Batting: RHB Ted Valéncia 0-0: SOLO HOME RUN (Flyball, 7D, EV 100.6 MPH), Distance : 390 ft
Batting: RHB Ethan Sutton 0-0: Called Strike
0-1: Ball
1-1: Swinging Strike
1-2: Strikes out looking
Bottom of the 8th over - 1 run, 1 hit, 0 errors, 0 left on base; Cleveland 1 - Houston 4
TOP OF THE 9TH
Cleveland Guardians batting - Pitching for Houston Astros : LHP Danny Humphrey
Pitching: RHP José Reyes
Batting: RHB Wilfred Sanders 0-0: Called Strike
0-1: Ball
1-1: Fly out, F8 (Flyball, 8LD, EV 92.5 MPH)
Batting: LHB Stan Walton 0-0: Ball
1-0: SINGLE (Line Drive, 89S, EV 96.3 MPH)
Batting: RHB Jorge Velázquez 0-0: Foul Ball, location: 2F
0-1: Foul Ball, location: 9LMF
0-2: Ball
1-2: Ball
2-2: Ball
3-2: Foul Ball, location: 9LSF
3-2: Foul Ball, location: 2F
3-2: Grounds into double play, 6-4-3 (Groundball, 6, EV 77.5 MPH)
Top of the 9th over - 0 runs, 1 hit, 0 errors, 0 left on base; Cleveland 1 - Houston 4
Sunday, March 24th , 2024 - OOTP Baseball 24.10 Build 82